cohdb
Replays
Latest Replays
All Replays
Popular Replays
Top Player Replays
Match Explorer
How It Works
Community
CoH3 Stats
Reddit
Sign in to upload your games and track your stats! →
Sign in with Steam
Match 38250522
Unlisted
Match 38250522
Overview
Messages
Build Orders
End
Royal Engineer Section
Construct Section Command Post
Infantry Section
Infantry Section
Infantry Section
Selects Indian Artillery Battlegroup
Selects War Cry
Construct Platoon Command Post
War Cry
Selects Gurkha Rifles Section
6-pounder Anti-tank Gun Team
Gurkha Rifles Section
Construct Field Infirmary
Infantry Training
Gurkha Rifles Section
Construct Company Command Post
Selects Volunteer Infantry
Selects Towed ML 4.2-inch Heavy Mortar
Crusader II Medium Tank
Crusader II Medium Tank
Crusader II Medium Tank
Selects Off-map Airburst Barrage
Selects BL5.5 Artillery Emplacement
Crusader II Medium Tank
Crusader II Medium Tank
Royal Engineer Section
Armored Vehicle Training
Royal Engineer Section
Crusader II Medium Tank
Off-map Airburst Barrage
Crusader II Medium Tank
STALKER4732
kit.ohume
Devochkin
Valieriumborn
Computer - Hard
shadow 2
0
0
Comments
sign in to comment!
No comments posted yet!